 Dungeon Crawl Stone Soup version 0.19-a0-1341-g3513869 (webtiles) character file.

3031 4thArraOfDagon the Grappler (level 9, -1/74 HPs)
             Began as a Troll Ice Elementalist on Sept 1, 2016.
             Was a Priest of Elyvilon.
             Slain by an unseen horror (8 damage)
             ... on level 10 of the Dungeon.
             The game lasted 00:11:32 (2444 turns).

4thArraOfDagon the Grappler (TrIE)                  Turns: 2444, Time: 00:11:33

Health: -1/74      AC:  6    Str: 18    XL:     9   Next: 56%
Magic:  10/12      EV:  9    Int: 14    God:    Elyvilon [***...]
Gold:   244        SH:  0    Dex:  8    Spells: 1 memorised, 9 levels left

rFire  . . .     SeeInvis .       - Unarmed
rCold  . . .     Gourm    +     a - +1 robe
rNeg   . . .     Faith    .     (no shield)
rPois  .         Spirit   .     (helmet restricted)
rElec  .         Dismiss  .     (no cloak)
rCorr  .         Reflect  .     (gloves unavailable)
MR     ++...     Harm     .     (boots unavailable)
Stlth  +......... Clarity  +    l - amulet of magic regeneration
                                m - ring of protection from magic
                                i - ring of wizardry

@: no status effects
A: unfitting armour, claws 3, fangs 1, clarity, clumsy 1, fast metabolism 3,
gourmand, magic resistance 1, regeneration 1, shaggy fur 1, tough skin 2, wild
magic 1
a: Lesser Healing, Heal Other, Purification, Divine Protection, Renounce
Religion


You were on level 10 of the Dungeon.
You worshipped Elyvilon.
Elyvilon was most pleased with you.
You were very full.

You visited 2 branches of the dungeon, and saw 11 of its levels.

You collected 244 gold pieces.

Inventory:

Missiles
 o - a throwing net (quivered)
Armour
 a - a +1 robe (worn)
Jewellery
 e - an uncursed ring of fire
 i - a ring of wizardry (left claw)
 l - an amulet of magic regeneration (around neck)
 m - a ring of protection from magic (right claw)
Wands
 g - a wand of iceblast (0/15)
 n - a wand of random effects (29/48)
 q - a wand of iceblast (5/15)
 r - a wand of digging (9/24)
Scrolls
 f - a scroll of fog {unknown}
 j - a scroll of recharging {unknown}
 k - a scroll of enchant armour
 p - a scroll of remove curse {unknown}
 s - 2 scrolls of teleportation {unknown}
 u - a scroll of blinking {unknown}
 v - a scroll of immolation {unknown}
Potions
 d - a potion of curing
 h - a potion of invisibility {unknown}
 t - a potion of ambrosia {unknown}
Books
 b - a book of Frost

   Spells                             Type                      Level
   a - Freeze                         Ice                          1
   b - Throw Frost                    Conjuration/Ice              2
   c - Ozocubu's Armour               Charms/Ice                   3
   d - Throw Icicle                   Conjuration/Ice              4
   e - Summon Ice Beast               Ice/Summoning                4
Comestibles
 c - 5 bread rations


   Skills:
 - Level 1.5 Dodging
 - Level 1.1 Stealth
 * Level 11.2 Unarmed Combat
 - Level 1.2 Spellcasting
   Level 0.6 Conjurations
 - Level 2.1 Ice Magic
 + Level 6.3 Invocations


You had 9 spell levels left.
You knew the following spells:

 Your Spells              Type           Power        Failure   Level  Hunger
a - Freeze                Ice            #...         7%          1    ##.....


Dungeon Overview and Level Annotations

Branches:
Dungeon (10/15)            Temple (1/1) D:4            Lair (0/6) D:8
    Orc: D:9-12

Altars:
Ashenzari
Elyvilon
Gozag
Kikubaaqudgha
Qazlal
Ru
Uskayaw
Vehumet

Shops:
D:5 *   D:7 }   D:10 (

Annotations:
D:4 4thArraOfDagon's ghost, amateur TrIE
D:10 exclusion: upstairs, Sagrath01's ghost, novice DsWn


Innate Abilities, Weirdness & Mutations

You are too large for most types of armour.
You have claws for hands.
Your metabolism is lightning-fast.
You like to eat raw meat.
Your natural rate of healing is unusually fast.
You are covered in fur. (AC +1)
You have very tough skin. (AC +2)
You have very sharp teeth.
You possess an exceptional clarity of mind.
You are clumsy. (Dex -2)
You are resistant to hostile enchantments. (MR+)
Your spells are a little harder to cast, but a little more powerful.


Message History

Something hits you! Something hits you. Something hits you!
Something hits you but does no damage. Something hits you! Something hits you.
* * * LOW HITPOINT WARNING * * *
Something hits you!
* * * LOW HITPOINT WARNING * * *
Something hits you.
* * * LOW HITPOINT WARNING * * *
Okay, then.
You are healed.
You feel somewhat less full. Something hits you!
* * * LOW HITPOINT WARNING * * *
Something hits you.
* * * LOW HITPOINT WARNING * * *
Unknown command.
You are healed.
You feel somewhat less full. Something hits you!
Elyvilon protects you from harm! Something hits you!
You die...

.......# #...........#....#
.......# #...........'....#
.......# #.......∩...######
#####..#..######.Y...............
#.##........Y................
#.#.......(..#++######'#.....
#.#.######+#.#.........#.....
#.#.#.... #.#.........#.....
#####.#.#.... #@#.........#.....
......#.# ... #.'.........###...
......#.####'###.#####...... ...
...####..............#...... ...
...#.................#......
...#.##''###+####....#
...'.#..........#....#
...#.#..........#....#
.###.#..........#....#######


You could see 2 yaks.

Vanquished Creatures
  A hill giant (D:10)
  A troll (D:9)
  A two-headed ogre (D:9)
  Sigmund (D:6)
  A hippogriff (D:9)
  2 water moccasins
  A porcupine (D:9)
  A sky beast (D:6)
  A phantom (D:7)
  A necrophage (D:6)
  4 ogres
  A centaur (D:9)
  A big kobold (D:9)
  4 giant frogs
  A scorpion (D:6)
  A crimson imp (D:6)
  A centaur skeleton (D:9)
  A giant frog zombie (D:5)
  A hound (D:10)
  A jelly (D:6)
  A giant frog skeleton (D:5)
  2 orc wizards
  2 iguanas
  2 worker ants
  A hound skeleton (D:7)
  2 worker ant zombies
  7 adders
  3 gnolls (D:6)
  An adder skeleton (D:6)
  A worm (D:2)
  4 dart slugs
  3 giant geckos
  12 orcs
  3 giant cockroaches
  2 hobgoblins
  10 jackals
  2 quokkas
  A ball python (D:5)
  3 bats
  A giant gecko skeleton (D:5)
  3 giant newts
  3 goblins
  A jackal skeleton (D:7)
  3 kobolds
  A quokka zombie (D:7)
101 creatures vanquished.

Notes
Turn   | Place    | Note
-------+----------+-------------------------------------------
     0 | D:1      | 4thArraOfDagon the Troll Ice Elementalist began the quest for the Orb.
     0 | D:1      | Reached XP level 1. HP: 16/16 MP: 1/1
    19 | D:1      | Reached skill level 1 in Unarmed Combat
   108 | D:1      | Reached XP level 2. HP: 24/24 MP: 2/2
   109 | D:1      | nice lab
   166 | D:2      | Reached skill level 2 in Unarmed Combat
   264 | D:4      | Found a staircase to the Ecumenical Temple.
   283 | Temple   | Entered the Ecumenical Temple
   346 | Temple   | Became a worshipper of Elyvilon the Healer
   401 | D:4      | You fall through a shaft for 3 floors!
   402 | D:7      | WHAT
   428 | D:6      | Identified the Papyrus of the Mutagenic Birds
   442 | D:5      | Entered Level 5 of the Dungeon
   454 | D:5      | Found Asentaov's Serpentskin Sales.
   454 | D:5      | Noticed a water moccasin
   464 | D:5      | Killed a water moccasin
   464 | D:5      | Reached skill level 4 in Unarmed Combat
   464 | D:5      | Reached XP level 3. HP: 31/31 MP: 3/3
   464 | D:5      | Reached XP level 4. HP: 39/39 MP: 4/4
   469 | D:5      | Reached XP level 5. HP: 45/45 MP: 5/5
   565 | D:5      | Reached skill level 5 in Unarmed Combat
   568 | D:6      | Noticed an ogre
   645 | D:4      | Noticed 4thArraOfDagon's ghost (amateur TrIE)
   727 | D:2      | Reached * piety under Elyvilon
   738 | D:3      | Reached XP level 6. HP: 53/53 MP: 6/6
   809 | D:3      | Found a radiant altar of Vehumet.
   944 | D:3      | Reached skill level 6 in Unarmed Combat
  1004 | D:5      | Found a stormy altar of Qazlal.
  1007 | D:5      | Noticed a water elemental
  1007 | D:5      | Noticed a fire elemental
  1007 | D:5      | Noticed an air elemental
  1021 | D:5      | Reached skill level 1 in Invocations
  1182 | D:6      | Reached XP level 7. HP: 33/58 MP: 7/7
  1190 | D:6      | Reached skill level 7 in Unarmed Combat
  1402 | D:6      | Noticed Sigmund
  1409 | D:6      | Killed Sigmund
  1409 | D:6      | Reached skill level 8 in Unarmed Combat
  1409 | D:6      | Reached XP level 8. HP: 49/66 MP: 9/9
  1435 | D:6      | Gained mutation: You possess an exceptional clarity of mind. [mutagenic meat]
  1438 | D:6      | Gained mutation: Your spells are a little harder to cast, but a little more powerful. [mutagenic meat]
  1441 | D:6      | Gained mutation: You have very sharp teeth. [mutagenic meat]
  1447 | D:6      | Gained mutation: You are clumsy. (Dex -2) [mutagenic meat]
  1450 | D:6      | Gained mutation: You are resistant to hostile enchantments. (MR+) [mutagenic meat]
  1506 | D:6      | Reached ** piety under Elyvilon
  1680 | D:7      | Reached skill level 9 in Unarmed Combat
  1770 | D:7      | Found a hide-covered altar of Uskayaw.
  1824 | D:7      | Found Utwamak's Gadget Boutique.
  1862 | D:6      | Found an ancient bone altar of Kikubaaqudgha.
  1995 | D:8      | Found a staircase to the Lair.
  2018 | D:9      | HP: 1/67 [centaur/arrow (12)]
  2027 | D:9      | Reached skill level 5 in Invocations
  2038 | D:9      | Reached skill level 10 in Unarmed Combat
  2088 | D:9      | Reached XP level 9. HP: 38/74 MP: 11/11
  2195 | D:9      | Noticed a troll
  2198 | D:9      | Killed a troll
  2217 | D:9      | Noticed a skeletal warrior
  2218 | D:9      | Noticed a skeletal warrior
  2226 | D:10     | Entered Level 10 of the Dungeon
  2226 | D:10     | Noticed a hill giant
  2232 | D:10     | Killed a hill giant
  2232 | D:10     | Reached skill level 11 in Unarmed Combat
  2312 | D:10     | Reached *** piety under Elyvilon
  2363 | D:10     | Found Raawunirph's Antique Weapon Emporium.
  2394 | D:10     | Noticed Sagrath01's ghost (novice DsWn)
  2443 | D:10     | HP: 1/74 [something (5)]
  2444 | D:10     | Elyvilon protects you from harm!
  2444 | D:10     | Slain by an unseen horror

Vault maps used:
D:1:      dpeg_arrival_tiny_a, serial_forest, infiniplex_forest_end_double,
          infiniplex_forest_lined_corner, infiniplex_forest_clump_curved,
          infiniplex_forest_split, infiniplex_forest_straight_2,
          infiniplex_forest_lined_room_
D:2:      kennysheep_okawaru_gauntlet, lemuel_round_altar, ecumenical_altar_1,
          kennysheep_jessica_study, uniq_iyjb
D:3:      vehumet_crystals, portal_sewer_entry_e
D:4:      first_bread
D:5:      nicolae_qazlal_style_of_elements, marbit_many_paths,
          kennysheep_mini_moat, guppyfry_shop_venom
D:6:      lemuel_doored_altar, uniq_sigmund
D:7:      eat_drink_and_be_merry_uskayaw, serial_shops, shop
D:8:      hangedman_cross_stitches, zin_purify, dpeg_lair_monsters
D:9:      st_stairs_10
D:10:     serial_shops, shop
Temple:   minmay_temple_forest_path

Skill      XL: |  1  2  3  4  5  6  7  8  9 |
---------------+----------------------------+-----
Unarmed Combat | 1 4 5 6 8 10 11 | 11.2
Invocations    | 2 3 5 6 |  6.3
Dodging        | |  1.5
Stealth        | |  1.1
Spellcasting   | |  1.2
Conjurations   | |  0.6
Ice Magic      | |  2.1

Action                   |  1- 3 |  4- 6 |  7- 9 || total
-------------------------+-------+-------+-------++-------
Melee: Unarmed           |    41 |   117 |   181 ||   339
       Punch             |       |     3 |     4 ||     7
       Bite              |       |       |     8 ||     8
Throw: Throwing net      |       |       |     1 ||     1
Invok: Lesser Healing    |       |       |     5 ||     5
Evoke: Wand              |       |       |     9 ||     9
  Use: Scroll            |     2 |     2 |     1 ||     5
       Potion            |     1 |       |     2 ||     3
 Stab: Sleeping          |     2 |       |       ||     2
       Distracted        |       |     1 |       ||     1
  Eat: Chunk             |     5 |     5 |    22 ||    32
       Beef jerky        |       |     1 |       ||     1
Armor: Robe              |    17 |    41 |    41 ||    99
       Skin              |     7 |    15 |       ||    22
Dodge: Dodged            |    23 |    68 |    67 ||   158
